 Dungeon Crawl Stone Soup version 0.30-a0-1093-gcfb1e0cf12 (webtiles) character file.

Game seed: 7826391314890947806

44562 KristoblXynda the Cleaver (level 13, 0/124 HPs)
             Began as a Red Draconian Berserker on Apr 17, 2023.
             Was a High Priest of Trog.
             Slain by a death yak (16 damage)
             ... on level 4 of the Lair of Beasts.
             The game lasted 00:26:52 (22590 turns).

KristoblXynda the Cleaver (DrBe)                   Turns: 22590, Time: 00:26:52

Health: 0/124      AC: 16    Str: 33    XL:     13   Next: 96%
Magic:  13/13      EV: 19    Int: 14    God:    Trog [*****.]
Gold:   809        SH:  6    Dex: 17    Spells: 12/12 levels left

rFire   + . .      SeeInvis .    d - +2 broad axe
rCold   . . .      Faith    .    n - +0 buckler
rNeg    . . .      Spirit   .    (body armour unavailable)
rPois   .          Reflect  .    g - +0 hat "Roawk" {rCorr Str+4 Int+2}
rElec   +          Rampage  .    E - +2 cloak
rCorr   +                        m - +2 pair of gloves {Stlth+}
Will    .....                    t - +1 pair of boots of Leibem {Str+3}
Stlth   ++++                     (no amulet)
HPRegen 0.40/turn                J - +6 ring of dexterity
MPRegen 0.13/turn                p - +6 ring of strength

@: about to teleport, on berserk cooldown, slowed, very slow
A: breathe fire, AC +8, unfitting armour, fire resistance 1, cold-blooded,
electricity resistance, MP-powered wands
a: Breathe Fire, Renounce Religion, Berserk, Trog's Hand, Brothers in Arms


You were on level 4 of the Lair of Beasts.
You worshipped Trog.
Trog was extremely pleased with you.
You visited 3 branches of the dungeon, and saw 18 of its levels.
You also visited: Gauntlet and Ice Cave.

You collected 981 gold pieces.
You spent 172 gold pieces at shops.

Inventory:

Hand Weapons
 d - a +2 broad axe (weapon)
 N - a +3 heavy broad axe
Missiles
 s - 9 javelins (quivered)
 A - 5 throwing nets
 G - 3 silver javelins
Armour
 g - the +0 hat "Roawk" (worn) {rCorr Str+4 Int+2}
   (You found it in a Gauntlet)

   Str:       It affects your strength (+4).
   Int:       It affects your intelligence (+2).
   rCorr:     It protects you from acid and corrosion.
 m - a +2 pair of gloves of stealth (worn)
 n - a +0 buckler (worn)
 t - the +1 pair of boots of Leibem (worn) {Str+3}
   (You found it on level 5 of the Dungeon)

   Str:       It affects your strength (+3).
 x - a +2 pair of gloves of hurling
 y - a +0 kite shield of cold resistance
 E - a +2 cloak (worn)
Jewellery
 a - a ring of protection from cold
 e - a ring of willpower
 o - a +4 ring of protection
 p - a +6 ring of strength (right hand)
 B - a ring of flight
 J - a +6 ring of dexterity (left hand)
Wands
 F - a wand of roots (6)
 H - a wand of digging (2)
Scrolls
 c - 7 scrolls of amnesia
 f - 4 scrolls of fear
 i - a scroll of enchant weapon
 q - 3 scrolls of teleportation
 u - 4 scrolls of immolation
 I - 2 scrolls of enchant armour
 M - a scroll of blinking
 O - a scroll of fog {unknown}
Potions
 b - 2 potions of resistance
 h - 3 potions of lignification
 k - 4 potions of curing
 l - 2 potions of haste
 r - a potion of might {unknown}
 v - a potion of ambrosia {unknown}
 w - a potion of flight
 z - a potion of brilliance {unknown}
 C - 2 potions of invisibility {unknown}
 D - 2 potions of mutation
 K - 2 potions of magic {unknown}
 L - 2 potions of heal wounds
Miscellaneous
 j - a piece from Xom's chessboard (15/15)


   Skills:
 + Level 14.0 Fighting
 + Level 14.9 Axes
 + Level 11.9 Dodging
 - Level 6.0 Stealth
 + Level 6.4 Shields


You had 12 spell levels left.
You didn't know any spells.
Your spell library contained the following spells:

 Spells                   Type           Power      Damage    Failure   Level
 Dazzling Flash           Conj/Hex       0%         N/A       73%         3
 Volatile Blastmotes      Fire/Tloc      0%         2d10      73%         3
 Fulminant Prism          Conj/Hex       0%         3d5       98%         4
 Iskenderun's Mystic Bla  Conj/Tloc      0%         2d3       98%         4
 Agony                    Necr           0%         N/A       100%        5
 Lee's Rapid Deconstruct  Erth           0%         3d4*      100%        5
 Silence                  Hex/Air        0%         N/A       100%        5


Dungeon Overview and Level Annotations

Branches:
Dungeon (13/15)            Temple (1/1) D:4            Lair (4/5) D:9
 Shoals (0/4) Lair:3        Snake (0/4) Lair:3          Orc (0/2) D:10
 Vaults (0/5) D:13          IceCv (visited)         Gauntlet (visited)
  Slime: Lair:4-5

Altars:
Ashenzari
Cheibriados
Dithmenos
Elyvilon
Fedhas
Gozag
Hepliaklqana
Kikubaaqudgha
Makhleb
Nemelex Xobeh
Okawaru
Qazlal
Ru
Sif Muna
Trog
Uskayaw
Vehumet
Wu Jian
Xom
Yredelemnul
Zin
The Shining One

Shops:
D:8 =[   D:10 (

Portals:
Abyss: D:4

Annotations:
D:4 2 transporters, Pascal76's ghost, amateur AtGl


Innate Abilities, Weirdness & Mutations

You can breathe blasts of fire.
Your fiery red scales are hard. (AC +8)
You cannot fit into any form of body armour.
Your flesh is heat resistant. (rF+)
You are cold-blooded and may be slowed by cold attacks.
You are resistant to electric shocks. (rElec)
You expend magic power (3 MP) to strengthen your wands.


Message History

The death yak misses you.
The death yak gores you but does no damage.
You slash the death yak!
The death yak is heavily wounded.
You slash the death yak! You completely miss the death yak.
The death yak gores you!
* * * LOW HITPOINT WARNING * * *
The death yak gores you but does no damage.
The death yak completely misses you.
You slice the death yak!! You tail-slap the death yak!
The death yak is almost dead.
You slash the death yak! You hit the death yak. You slash the death yak!
You kill the death yak!
Trog accepts your kill.
You hit the death yak. You slash the death yak!
The death yak gores you but does no damage.
The death yak gores you!
* * * LOW HITPOINT WARNING * * *
You hit the death yak but do no damage.
The death yak is almost dead.
You hit the death yak but do no damage. You barely miss the death yak.
You slice the death yak!! You tail-slap the death yak!
The death yak is heavily wounded.
You slash the death yak! x2
You kill the death yak!
Trog accepts your kill. The death yak barely misses you.
The death yak gores you!
* * * LOW HITPOINT WARNING * * *
Unknown command.
You feel a strong urge to attack something.
You are too berserk!
You are no longer berserk.
You are exhausted.
You feel yourself slow down.
As you read the scroll of teleportation, it crumbles to dust.
You feel strangely unstable. The death yak attacks as you move away!
The death yak misses you. The death yak gores you!
You die...

...#***(.P#*** *,,,****##P......
...#*,,#.##,,******.# ###.#####
.....,,...,,,,,,,...# #....#
#P#.##*********,**..# ##..##
##### ****..#####....#
*..##P####.P# *** *** #*####
##..........#
*,***.###.#.:#####..........#####
,,,,,........YYY@................
**,**,####.†.#..###.........P.###
**,**** #.#..####P#.[........##
*,,,* ##..## #............# **,,*
*#..** ###..........# *,,***
*.#.,* #....../..## **,,,* ##..**
#..........## *,*** *#.*
#...........# *** ##*
##.####..####


You could see 3 death yaks.

Vanquished Creatures
  A frost giant (IceCv)
  A minotaur (Gauntlet)
  A hydra (Lair:4)
  Harold (D:11)
  A two-headed ogre (D:10)
  9 death yaks
  A hell hog (Gauntlet)
  A fire crab (Gauntlet)
  A wretched star (Gauntlet)
  3 ugly things
  A cyclops (D:12)
  A black mamba (Lair:1)
  A merfolk siren (Lair:3)
  An elephant (shapeshifter) (D:13)
  A salamander (Lair:3)
  Maurice (D:8)
  An ice statue (IceCv)
  5 elephants (Lair:2)
  A gargoyle (D:11)
  4 cane toads
  A komodo dragon (Lair:1)
  An efreet (D:11)
  9 rime drakes
  3 kobold demonologists
  2 trolls (D:12)
  5 polar bears
  3 meliai (D:8)
  5 hornets
  3 blink frogs (Lair:2)
  A slime creature (D:12)
  2 centaur simulacra (Gauntlet)
  5 dream sheep (Lair:3)
  2 shadows
  2 wraiths
  60 yaks
  2 wyverns (Lair:1)
  A basilisk (shapeshifter) (D:13)
  A basilisk (Lair:3)
  7 fire bats (Gauntlet)
  A neqoxec (Gauntlet)
  A steam dragon (D:10)
  2 vampire mosquitoes (D:12)
  3 hell hounds (Gauntlet)
  8 water moccasins
  4 orc warriors
  A sky beast (shapeshifter) (D:13)
  2 ogres
  An ice beast (D:5)
  2 black bears
  15 wolves
  A phantom (D:4)
  4 centaurs
  5 kobold brigands
  17 bullfrogs
  2 gnoll sergeants (D:9)
  A cane toad simulacrum (Lair:4)
  A scorpion (D:6)
  11 wights
  A hornet simulacrum (Gauntlet)
  8 killer bees
  2 elephant simulacra (Lair:4)
  7 howler monkeys
  4 lava snakes (Lair:3)
  4 hounds
  5 orc priests
  2 jellies (D:6)
  3 iguanas
  Natasha (thrice) (D:2)
  13 orc wizards
  A wolf simulacrum (Lair:4)
  2 boggart simulacra (Gauntlet)
  8 adders
  15 gnolls
  2 shadow imps
  2 ufetubi (D:5)
  2 dart slugs (D:3)
  4 worms
  54 orcs
  6 ball pythons
  11 bats
  A bat zombie (D:3)
  6 endoplasms
  2 giant cockroaches
  5 goblins
  5 hobgoblins
  5 jackals
  21 kobolds
  3 quokkas
  3 frilled lizards
  3 rats
  A rat zombie (D:3)
448 creatures vanquished.

Vanquished Creatures (others)
  3 demonic plants (D:13)
  16 fungi
  14 plants
33 creatures vanquished.

Grand Total: 481 creatures vanquished

Notes
Turn   | Place    | Note
-------+----------+-------------------------------------------
     0 | D:1      | KristoblXynda the Draconian Berserker began the quest for
                  | the Orb.
     0 | D:1      | Reached XP level 1. HP: 19/19 MP: 1/1
    96 | D:1      | Reached XP level 2. HP: 17/26 MP: 2/2
   703 | D:1      | Found a faded altar of an unknown god.
   927 | D:2      | Reached XP level 3. HP: 29/33 MP: 3/3
  1024 | D:2      | Noticed Natasha
  1032 | D:2      | Killed Natasha
  1041 | D:2      | Reached XP level 4. HP: 40/40 MP: 4/4
  1340 | D:2      | Noticed Natasha
  1348 | D:2      | Killed Natasha
  1483 | D:2      | Reached ** piety under Trog
  1586 | D:2      | Reached XP level 5. HP: 23/47 MP: 5/5
  1841 | D:2      | Noticed Natasha
  1848 | D:2      | Killed Natasha
  2580 | D:3      | Found an ancient bone altar of Kikubaaqudgha.
  3246 | D:4      | Reached skill level 5 in Fighting
  3330 | D:4      | Reached XP level 6. HP: 40/56 MP: 6/6
  3431 | D:4      | Found a transporter.
  3543 | D:4      | Found a transporter.
  3546 | D:4      | Found a one-way gate to the infinite horrors of the Abyss.
  3546 | D:4      | Noticed Pascal76's ghost (amateur AtGl)
  4010 | D:4      | Found an iron altar of Okawaru.
  4246 | D:4      | Found a staircase to the Ecumenical Temple.
  4515 | Temple   | Entered the Ecumenical Temple
  4910 | D:3      | Reached skill level 5 in Axes
  5014 | D:5      | Entered Level 5 of the Dungeon
  5226 | D:5      | Your scales start taking on a fiery red colour.
  5226 | D:5      | Reached XP level 7. HP: 62/62 MP: 7/7
  5226 | D:5      | Gained mutation: Your flesh is heat resistant. (rF+) [Red
                  | Draconian growth]
  5288 | D:5      | Reached skill level 5 in Dodging
  5405 | D:5      | Identified the +1 pair of boots of Leibem {Str+3}
  5586 | D:5      | Found a white marble altar of Elyvilon.
  5587 | D:5      | Found a glowing silver altar of Zin.
  5590 | D:5      | Found a glowing golden altar of the Shining One.
  5606 | D:5      | Reached *** piety under Trog
  5822 | D:5      | Found a hazy altar of Hepliaklqana.
  5823 | D:5      | Found a blossoming altar of Fedhas.
  5826 | D:5      | Found a snail-covered altar of Cheibriados.
  6279 | D:6      | Reached XP level 8. HP: 69/71 MP: 8/8
  6669 | D:7      | Identified the +7 long sword "Unoim" {spect, rPois Dex+3}
  7740 | D:8      | Reached XP level 9. HP: 79/80 MP: 9/9
  7895 | D:8      | Noticed a meliai
  7895 | D:8      | Noticed a meliai
  7899 | D:8      | Noticed a meliai
  7900 | D:8      | Killed a meliai
  7912 | D:8      | Killed a meliai
  7914 | D:8      | Killed a meliai
  7914 | D:8      | Reached **** piety under Trog
  8339 | D:8      | Noticed a deep elf pyromancer
  8339 | D:8      | Noticed a cyclops
  8340 | D:8      | Noticed a deep elf pyromancer
  8341 | D:8      | Noticed a centaur warrior
  8341 | D:8      | Noticed a five-headed hydra
  8343 | D:8      | Noticed an eight-headed hydra
  8348 | D:8      | Noticed Maurice
  8364 | D:8      | Killed Maurice
  8366 | D:8      | Reached skill level 10 in Axes
  8466 | D:8      | Found Ysidwaut's Antique Armour Shoppe.
  8473 | D:8      | Bought a pair of glowing gloves for 172 gold pieces
  8573 | D:8      | Found Meyrruq's Jewellery Shop.
  8937 | D:9      | Reached XP level 10. HP: 91/91 MP: 10/10
  9146 | D:9      | Found a staircase to the Lair.
  9890 | D:10     | Entered Level 10 of the Dungeon
  9912 | D:10     | Noticed a two-headed ogre
  9926 | D:10     | Killed a two-headed ogre
 10090 | D:10     | Found a staircase to the Orcish Mines.
 10141 | D:10     | Reached ***** piety under Trog
 10433 | D:10     | Reached skill level 10 in Fighting
 10657 | D:10     | Found a radiant altar of Vehumet.
 10662 | D:10     | Found Pauso's Weapon Emporium.
 10701 | D:10     | Found a broken altar of Ashenzari.
 11282 | D:11     | Noticed Harold
 11300 | D:11     | Killed Harold
 11301 | D:11     | Reached XP level 11. HP: 100/100 MP: 11/11
 12289 | D:11     | Reached skill level 1 in Stealth
 12836 | D:12     | Found a gate leading to a gauntlet.
 12878 | D:12     | Gained mutation: You occasionally lose the ability to drink
                  | potions when taking damage. [a neqoxec]
 12905 | Gauntlet | Entered a Gauntlet
 12905 | Gauntlet | Found a transporter.
 13225 | Gauntlet | Found a transporter.
 13227 | Gauntlet | Found a transporter.
 13228 | Gauntlet | Found a transporter.
 13232 | Gauntlet | Found a runed translucent door.
 13234 | Gauntlet | Found a runed translucent door.
 13236 | Gauntlet | Found a transporter.
 13239 | Gauntlet | Found a transporter.
 13240 | Gauntlet | Found a transporter.
 13243 | Gauntlet | Noticed a wretched star
 13251 | Gauntlet | Found a transporter.
 13251 | Gauntlet | Found a transporter.
 13252 | Gauntlet | Found a transporter.
 13254 | Gauntlet | Noticed a fire crab
 13260 | Gauntlet | Found a transporter.
 13263 | Gauntlet | Found a transporter.
 13264 | Gauntlet | Found a transporter.
 13266 | Gauntlet | Noticed a hell hog
 13281 | Gauntlet | Found a transporter.
 13356 | Gauntlet | Paralysed by a hornet for 2 turns
 13365 | Gauntlet | Paralysed by a hornet for 2 turns
 13784 | Gauntlet | Killed a wretched star
 14010 | Gauntlet | Identified the +0 hat "Roawk" {rCorr Str+4 Int+2}
 14036 | Gauntlet | Killed a fire crab
 14360 | Gauntlet | Killed a hell hog
 14752 | Gauntlet | Noticed a minotaur
 14752 | Gauntlet | Found the +8 Vampire's Tooth {megavamp}
 14764 | Gauntlet | Killed a minotaur
 14765 | Gauntlet | Reached XP level 12. HP: 10/110 MP: 12/12
 15337 | D:12     | Lost mutation: You occasionally lose the ability to drink
                  | potions when taking damage. [potion of mutation]
 15337 | D:12     | Gained mutation: You expend magic power (3 MP) to
                  | strengthen your wands. [potion of mutation]
 15337 | D:12     | Gained mutation: You are resistant to electric shocks.
                  | (rElec) [potion of mutation]
 15586 | D:12     | Reached skill level 5 in Stealth
 15786 | D:12     | Reached skill level 10 in Dodging
 16247 | D:13     | Found a gate to the Vaults.
 16321 | D:13     | Noticed an eight-headed hydra
 16325 | D:13     | Noticed a centaur warrior
 16572 | Lair:1   | Entered Level 1 of the Lair of Beasts
 17434 | Lair:1   | Reached skill level 1 in Shields
 18941 | Lair:3   | Reached XP level 13. HP: 102/119 MP: 13/13
 19021 | Lair:3   | Received a gift from Trog
 19316 | Lair:3   | Found a radiant altar of Vehumet.
 19699 | Lair:3   | Found a staircase to the Snake Pit.
 20060 | Lair:3   | Found a staircase to the Shoals.
 20262 | Lair:4   | Found a frozen archway.
 20303 | IceCv    | Entered an ice cave
 20646 | IceCv    | Reached skill level 5 in Shields
 21050 | IceCv    | Noticed a frost giant
 21065 | IceCv    | Killed a frost giant
 21979 | Lair:4   | Received a gift from Trog
 22363 | Lair:4   | Found a radiant altar of Vehumet.
 22590 | Lair:4   | Slain by a death yak

Illustrated notes

Levels and vault maps discovered:
D:1:      minmay_arrival_loop, layout_loops_ring,
          dreamdust_ecumenical_altar_grove
D:2:      layout_basic, uniq_natasha
D:3:      minmay_inner_zag, layout_loops_cross,
          lemuel_zombie_altar_kikubaaqudgha, uniq_crazy_yiuf_cottage
D:4:      layout_layer_cave, mainiacjoe_overflow_chevrons,
          minmay_temple_entry_slanted, gammafunk_ghost_abyssal_escape
D:5:      kennysheep_spiral_hall, layout_basic, good_gods_temple_1, minitemple,
          serial_curves, eino_curves_03, eino_curves_04, eino_curves_01,
          eino_curves_02, minmay_misc_feat_rugged, glass_columns_b
D:6:      layout_cave_pools
D:7:      layout_cave_pools, corexii_hall_statues_i,
          minmay_misc_feat_more_columns
D:8:      layout_cave_pools, serial_shops, nicolae_shop_just_a_little_nook,
          kennysheep_little_box, minmay_misc_feat_enclosed,
          onia_ninara_dug_in_and_dangerous, uniq_maurice
D:9:      layout_loops_ring, grunt_lair_entry_orc_guard_hut
D:10:     layout_basic, mainiacjoe_overflow_alcove_2, lemuel_tele_altar,
          hiddenorc2_lemuel, serial_shops, shop, hangedman_decor_opposing,
          item_on_display_a
D:11:     layout_stronghold, uniq_harold
D:12:     layout_irregular_city, gauntlet_entry_generic
D:13:     statuecave_lemuel, layout_cave_pools, david_vaults_2, serial_demonic,
          serial_demonic_c, serial_demonic_g, serial_demonic_g,
          serial_demonic_c, minmay_tree_intersection
Temple:   nicolae_temple_slightly_damp_pantheon
Lair:1:   layout_regular_city, grunt_megastairs_2, lemuel_fruit_tree,
          serial_bayou_shore_a
Lair:2:   layout_chaotic_city, chequers_serial_rivers_small_a,
          grunt_megastairs_3, lemuel_fruit_fields
Lair:3:   layout_hall_layers, elwin_shoals_entry_rooms,
          nicolae_snake_entry_warm_welcome, basic_altar,
          infiniplex_staircase_pool_2
Lair:4:   layout_small_grid, portal_ice_cave_entry_ice_simulacra, basic_altar

Skill      XL: |  1  2  3  4  5  6  7  8  9 10 11 12 13 |
---------------+----------------------------------------+-----
Dodging        | 3 4 5 6 7 8 9 10 11 | 11.9
Fighting       | 4 5 6 7 9 10 11 12 14 | 14.0
Axes           | 4 5 6 8 10 12 13 14 | 14.9
Stealth        | 4 6 |  6.0
Shields        | 3 6 |  6.4

Action                     |  1- 3 |  4- 6 |  7- 9 | 10-12 | 13-15 || total
---------------------------+-------+-------+-------+-------+-------++-------
  Melee: Hand axe          |    88 |   286 |       |       |       ||   374
         Tailslap          |     9 |    37 |    33 |    95 |    57 ||   231
         War axe           |       |    23 |   226 |   617 |   117 ||   983
         Punch             |       |     1 |     2 |     2 |       ||     5
         Broad axe         |       |       |       |       |   174 ||   174
 Invoke: Berserk           |     1 |     3 |     6 |    12 |     4 ||    26
         Trog's Hand       |       |       |       |     1 |       ||     1
Ability: Breathe Fire      |       |       |     4 |       |     1 ||     5
    Use: Scroll            |       |     3 |     7 |    14 |     4 ||    28
         Potion            |       |       |     3 |     3 |     1 ||     7
   Stab: Sleeping          |     3 |     3 |     1 |     4 |     6 ||    17
 Armour: Skin              |    31 |   141 |   155 |   398 |    94 ||   819
  Dodge: Dodged            |    58 |   210 |   195 |   577 |   231 ||  1271
  Block: Buckler           |       |       |       |    80 |    73 ||   153

Table legend: (Time is in decaauts)
 A = Elapsed time spent in this place.
 B = Non-inter-level travel time spent in this place.
 C = Inter-level travel time spent in this place.
 D = Time resting spent in this place.
 E = Time spent auto-exploring this place.
 F = Levels seen in this place.
 G = Mean time per level.
                   A        B        C        D        E       F      G
               +--------+--------+--------+--------+--------+-----+--------+
         Total |  22864 |  22334 |    530 |   7874 |  11143 |  20 | 1143.2 |
       Dungeon |  14154 |  13708 |    446 |   3596 |   7942 |  13 | 1088.8 |
        Temple |    184 |    166 |     18 |      0 |    153 |   1 |  184.0 |
          Lair |   4371 |   4306 |     65 |   1195 |   2534 |   4 | 1092.8 |
      Ice Cave |   1664 |   1664 |      0 |    929 |    401 |   1 | 1664.0 |
      Gauntlet |   2489 |   2489 |      0 |   2153 |    113 |   1 | 2489.0 |
               +--------+--------+--------+--------+--------+-----+--------+

Top non-repeatable levels by time:
Gauntlet: 2489 daAuts
    D:11: 1799 daAuts
   IceCv: 1664 daAuts
     D:4: 1455 daAuts
  Lair:3: 1387 daAuts
     D:2: 1254 daAuts
     D:3: 1188 daAuts
    D:10: 1186 daAuts
  Lair:1: 1169 daAuts
     D:8: 1169 daAuts
  Lair:2: 1123 daAuts
     D:7: 1121 daAuts
    D:12: 1097 daAuts
     D:9: 1078 daAuts
     D:1: 1000 daAuts
